 Dungeon Crawl Stone Soup version 0.26-a0-642-g67e99244d3 (webtiles) character file.

Game seed: 4956485150357265916

152 PentaManta the Chopper (level 5, 0/41 HPs)
             Began as a Formicid Abyssal Knight on Sept 21, 2020.
             Was a Believer of Lugonu.
             Slain by Sigmund
             ... wielding a +1 scythe of flaming
              (5 damage)
             ... on level 3 of the Dungeon.
             The game lasted 00:06:06 (3064 turns).

PentaManta the Chopper (Formicid Abyssal Knight)    Turns: 3064, Time: 00:06:07

Health: 0/41       AC:  6    Str: 18    XL:     5   Next: 60%
Magic:  6/6        EV:  9    Int: 11    God:    Lugonu [**....]
Gold:   149        SH:  0    Dex: 10    Spells: 4/4 levels left

rFire    . . .     SeeInvis +   j - +4 spear
rCold    . . .     Faith    .   (no shield)
rNeg     . . .     Spirit   .   d - +0 scale mail
rPois    .         Reflect  .   (helmet unavailable)
rElec    .         Harm     .   (no cloak)
rCorr    .         Rampage  .   (no gloves)
MR       .....                  (no boots)
Stlth    ..........             (no amulet)
HPRegen  0.13/turn              (no ring)
MPRegen  0.10/turn              (no ring)

@: mighty
A: permanent stasis, dig shafts and tunnels, four strong arms, antennae 3
a: Dig, Shaft Self, Depart the Abyss, Bend Space, Renounce Religion


You were on level 3 of the Dungeon.
You worshipped Lugonu.
Lugonu was pleased with you.
You visited 1 branch of the dungeon, and saw 3 of its levels.
You visited the Abyss 1 time.

You collected 149 gold pieces.

Inventory:

Hand Weapons
 a - a +2 hand axe
 g - a +0 dagger
 j - a +4 spear (weapon)
Missiles
 f - 6 javelins
 p - 5 atropa-tipped darts (quivered)
Armour
 c - a +1 plate armour
 d - a +0 scale mail (worn)
Jewellery
 b - an uncursed ring of ice
Scrolls
 e - a scroll of remove curse
 m - a scroll of identify
Potions
 n - a potion of flight


   Skills:
 - Level 3.2 Fighting
 + Level 5.4 Axes
 - Level 2.1 Armour
 - Level 0.8 Dodging
 - Level 2.1 Invocations


You had 4 spell levels left.
You didn't know any spells.
Your spell library was empty.

Dungeon Overview and Level Annotations

Branches:
Dungeon (3/15)

Altars:
Ashenzari
Gozag
Ru
The Shining One

Annotations:
D:3 2 transporters, Sigmund; anet's ghost, amateur GnMo


Innate Abilities, Weirdness & Mutations

You cannot be hasted, slowed, berserked, paralysed or teleported.
You can dig through walls and to a lower floor.
Your four strong arms can wield two-handed weapons with a shield.
You have a pair of large antennae on your head. (SInv)


Message History

You hit the adder.
The adder is heavily wounded.
The adder closely misses you.
An orc comes into view. It is wielding a +0 flail.
You bump into the rock wall.
The orc shouts!
You hear a shout!
Sigmund barely misses you. The adder bites you but does no damage.
You miss the adder.
The adder is heavily wounded.
The adder bites you but does no damage. Sigmund barely misses you.
The adder bites you.
You bump into the rock wall.
You feel less confused. The adder barely misses you.
You closely miss the adder.
The adder is heavily wounded.
Sigmund hits you from afar with a +1 scythe of flaming!
* * * LOW HITPOINT WARNING * * *
Sigmund burns you.
You die...

....... {
#.._... {
#..8... #
#.._... .#
.......##.#
#......o..#
...o.{o@#
#######S#
#@# #.# #.#
#.# #.####
#....#
###)## #.#
#.#


You could see Sigmund (invisible), an adder and 2 orcs.

Vanquished Creatures
  Robin (D:2)
  5 adders
  2 oozes (D:2)
  5 worms (D:2)
  2 dart slugs
  A leopard gecko (D:2)
  2 orcs (D:3)
  A ball python (D:2)
  7 bats
  3 giant cockroaches
  16 goblins
  8 hobgoblins
  2 jackals (D:1)
  4 kobolds
  2 frilled lizards
  4 rats
65 creatures vanquished.

Notes
Turn   | Place    | Note
-------+----------+-------------------------------------------
     0 | Abyss:1  | PentaManta the Formicid Abyssal Knight began the quest for
                  | the Orb.
     0 | Abyss:1  | Reached XP level 1. HP: 18/18 MP: 2/2
    63 | Abyss:2  | Noticed a chaos spawn
    66 | Abyss:2  | Noticed a sun demon
    67 | D:1      | Escaped the Abyss
   193 | D:1      | Reached XP level 2. HP: 16/24 MP: 3/3
   546 | D:1      | Reached skill level 3 in Axes
   570 | D:1      | Reached * piety under Lugonu
   716 | D:1      | Reached XP level 3. HP: 16/29 MP: 4/4
  1177 | D:2      | Found an opulent altar of Gozag.
  1238 | D:2      | Found a sacrificial altar of Ru.
  1256 | D:2      | Reached skill level 4 in Axes
  1256 | D:2      | Reached XP level 4. HP: 26/35 MP: 5/5
  1386 | D:2      | Noticed Robin
  1553 | D:2      | Killed Robin
  1750 | D:2      | Reached ** piety under Lugonu
  1904 | D:2      | Reached XP level 5. HP: 22/41 MP: 4/6
  2366 | D:2      | Reached skill level 5 in Axes
  2523 | D:3      | Found a transporter.
  2523 | D:3      | Noticed anet's ghost (amateur GnMo)
  2524 | D:3      | Noticed an ogre
  2524 | D:3      | Identified the +8 dire flail of Plunder {vorpal, rElec
                  | rPois rC+ Int-2}
  2524 | D:3      | Noticed an ogre
  2525 | D:3      | Found a transporter.
  2525 | D:3      | Noticed an ogre
  3047 | D:3      | Noticed Sigmund
  3048 | D:3      | Found a shattered altar of Ashenzari.
  3048 | D:3      | Found a glowing golden altar of the Shining One.
  3064 | D:3      | Slain by Sigmund

Illustrated notes

Levels and vault maps discovered:
D:1:      minmay_arrival_solitary_statue, layout_basic,
          chequers_serial_rivers_micro_d
D:2:      layout_basic, nicolae_overflow_crystal_walls,
          chequers_serial_rivers_micro_d, grunt_ministairs_8, minivault_23,
          nicolae_ru_great_annihilating_truth, uniq_robin
D:3:      layout_basic, chequers_temple_overflow_statue_of_worship,
          gammafunk_ghost_smash, uniq_sigmund

Skill      XL: |  1  2  3  4  5 |
---------------+----------------+-----
Axes           | 3 4 5 |  5.4
Fighting       | |  3.2
Armour         | |  2.1
Dodging        | |  0.8
Invocations    | |  2.1

Action                   |  1- 3 |  4- 6 || total
-------------------------+-------+-------++-------
Melee: Hand axe          |    50 |    65 ||   115
       Dagger            |    90 |       ||    90
       Spear             |       |    61 ||    61
Invok: Depart the Abyss  |     1 |       ||     1
       Bend Space        |       |     1 ||     1
  Use: Scroll            |     1 |     8 ||     9
       Potion            |       |     4 ||     4
 Stab: Invisible         |     1 |       ||     1
       Paralysed         |       |     3 ||     3
Armor: Scale mail        |    94 |    37 ||   131
Dodge: Dodged            |    91 |    58 ||   149

Table legend: (Time is in decaauts)
 A = Elapsed time spent in this place.
 B = Non-inter-level travel time spent in this place.
 C = Inter-level travel time spent in this place.
 D = Time resting spent in this place.
 E = Time spent auto-exploring this place.
 F = Levels seen in this place.
 G = Mean time per level.
                   A        B        C        D        E       F      G
               +--------+--------+--------+--------+--------+-----+--------+
         Total |   3070 |   3008 |     62 |    311 |   2053 |   5 |  614.0 |
       Dungeon |   3003 |   2941 |     62 |    311 |   2053 |   3 | 1001.0 |
         Abyss |     66 |     66 |      0 |      0 |      0 |   2 |   33.0 |
               +--------+--------+--------+--------+--------+-----+--------+

Top non-repeatable levels by time:
     D:2: 1475 daAuts
     D:1: 987 daAuts
     D:3: 540 daAuts
 Abyss:2: 58 daAuts
 Abyss:1: 8 daAuts
